 Dungeon Crawl Stone Soup version 0.26-a0-200-g62faa89a7e (webtiles) character file.

Game seed: 17466858328816944147

429 MrRokkomies the Vexing (level 6, 0/47 HPs)
             Began as a Vampire Enchanter on July 5, 2020.
             Slain by a bullfrog zombie (5 damage)
             ... on level 6 of the Dungeon.
             The game lasted 00:15:44 (3466 turns).

MrRokkomies the Vexing (Vampire Enchanter)          Turns: 3466, Time: 00:15:45

Health: 0/47       AC:  3    Str:  9    XL:     6   Next: 66%
Magic:  6/9        EV: 14    Int: 17    God:
Gold:   210        SH:  0    Dex: 15    Spells: 3/9 levels left

rFire    . . .     SeeInvis +   a - +2 dagger
rCold    . . .     Faith    .   (no shield)
rNeg     . . .     Spirit   .   b - +0 robe
rPois    .         Reflect  .   (no helmet)
rElec    .         Harm     .   h - +0 cloak
rCorr    .                      (no gloves)
MR       +....                  (no boots)
Stlth    ++++......             c - amulet of the acrobat
HPRegen  0.35/turn              k - ring of protection from magic
MPRegen  0.11/turn              n - ring of stealth

@: regenerating quickly
A: no food, fangs 3, see invisible, unbreathing
a: Exsanguinate


You were on level 6 of the Dungeon.
You were alive.

You visited 2 branches of the dungeon, and saw 7 of its levels.

You collected 210 gold pieces.

Inventory:

Hand Weapons
 a - a +2 dagger (weapon)
Missiles
 l - 9 poisoned darts (quivered)
Armour
 b - a +0 robe (worn)
 h - a +0 cloak (worn)
 t - a +0 pair of gloves
Magical Staves
 g - an uncursed staff of death
Jewellery
 c - an amulet of the acrobat (around neck)
 k - a ring of protection from magic (left hand)
 n - a ring of stealth (right hand)
Wands
 r - a wand of polymorph (5)
Scrolls
 d - a scroll of magic mapping
 j - 2 scrolls of identify
 o - 2 scrolls of teleportation
 s - a scroll of blinking
 u - 2 scrolls of immolation
 v - a scroll of random uselessness {unknown}
Potions
 e - a potion of might
 f - a potion of curing
 i - a potion of mutation
 m - a potion of brilliance
 p - a potion of magic
 q - a potion of flight {unknown}


   Skills:
 * Level 3.3 Fighting
 - Level 1.1 Short Blades
 + Level 3.8 Dodging
 + Level 6.1 Stealth
 - Level 2.0 Spellcasting
 * Level 7.3 Hexes


You had 3 spell levels left.
You knew the following spells:

 Your Spells              Type           Power        Failure   Level  Hunger
a - Corona                Hex            ####...      1%          1    N/A
b - Ensorcelled Hibernat  Hex/Ice        ##....       6%          2    N/A
c - Confusing Touch       Hex            ####....     2%          3    N/A

Your spell library contained the following spells:

 Spells                   Type           Power        Failure   Level  Hunger
 Tukima's Dance           Hex            ####....     2%          3    N/A
 Dazzling Flash           Conj/Hex       ##....       13%         3    N/A
 Animate Skeleton         Necr           N/A          19%         1    N/A
 Apportation              Tloc           #.....       19%         1    N/A
 Pain                     Necr           #...         19%         1    N/A
 Summon Small Mammal      Summ           #...         19%         1    N/A
 Vampiric Draining        Necr           #.........   50%         3    N/A
 Animate Dead             Necr           N/A          88%         4    N/A
 Agony                    Necr           #.......     99%         5    N/A

Dungeon Overview and Level Annotations

Branches:
Dungeon (6/15)             Temple (1/1) D:5

Altars:
Cheibriados
Elyvilon
Fedhas
Hepliaklqana
Nemelex Xobeh
Okawaru
Ru
Sif Muna
Uskayaw
Wu Jian
The Shining One
Lugonu

Annotations:
D:6 1 runed translucent door, Askman's ghost, novice DsBr


Innate Abilities, Weirdness & Mutations

You do not eat.
Your natural rate of healing is unusually fast.
You have razor-sharp teeth.
You have supernaturally acute eyesight. (SInv)
You can survive without breathing.


Message History

Your hands begin to glow red.
The bullfrog zombie hits you but does no damage.
The bullfrog zombie hits you.
* * * LOW HITPOINT WARNING * * *
You hit the bullfrog zombie but do no damage.
The bullfrog zombie appears confused.
An iguana comes into view.
You catch the helpless bullfrog zombie completely off-guard!
You impale the bullfrog zombie!!
The bullfrog zombie is heavily damaged.
The bullfrog zombie completely misses you.
You completely miss the bullfrog zombie.
The bullfrog zombie is heavily damaged.
You hit the bullfrog zombie.
The bullfrog zombie is severely damaged.
The bullfrog zombie misses you.
You hit the bullfrog zombie.
The bullfrog zombie is severely damaged.
The bullfrog zombie hits you.
You die...

... ##...
.........
......... .....
... #....##.# # #
........## .#.##
.........####.....
:.......Z.#......#
........@........#
......#.##.#.##..#
#.....###.......#
#..l. #...!....#
#.#.# #l.Z.....# #
.##.....!.......
.##.#............
..............
......#.....J..


You could see a bullfrog zombie (confused).

Vanquished Creatures
  A phantom (D:4)
  Blork the orc (D:5)
  An orc priest (D:3)
  An iguana (D:4)
  Terence (D:3)
  4 gnolls (D:4)
  4 adders
  A white imp (D:5)
  2 oozes
  An adder zombie (D:5)
  6 worms
  3 dart slugs
  5 leopard geckos
  6 orcs
  A giant cockroach (D:4)
  4 goblins
  6 hobgoblins
  A quokka (D:2)
  7 bats
  4 frilled lizards
  7 kobolds
  A leopard gecko skeleton (D:4)
  A quokka zombie (D:5)
  8 rats
77 creatures vanquished.

Notes
Turn   | Place    | Note
-------+----------+-------------------------------------------
     0 | D:1      | MrRokkomies the Vampire Enchanter began the quest for the
                  | Orb.
     0 | D:1      | Reached XP level 1. HP: 13/13 MP: 3/3
   157 | D:1      | Reached XP level 2. HP: 19/20 MP: 5/5
   176 | D:1      | Learned a level 2 spell: Ensorcelled Hibernation
   395 | D:1      | Reached skill level 1 in Fighting
   621 | D:2      | Reached skill level 5 in Hexes
   639 | D:2      | Reached XP level 3. HP: 20/26 MP: 6/6
   648 | D:2      | Learned a level 3 spell: Confusing Touch
  1010 | D:2      | Found a white marble altar of Elyvilon.
  1344 | D:3      | Reached skill level 5 in Stealth
  1344 | D:3      | Reached XP level 4. HP: 20/32 MP: 3/7
  2039 | D:3      | Noticed Terence
  2066 | D:3      | Killed Terence
  2173 | D:3      | Reached skill level 6 in Hexes
  2173 | D:3      | Reached XP level 5. HP: 13/38 MP: 5/8
  2874 | D:5      | Entered Level 5 of the Dungeon
  2877 | D:5      | Found a hide-covered altar of Uskayaw.
  2878 | D:5      | Noticed a phantom
  2879 | D:5      | Noticed Blork the orc
  2900 | D:5      | Killed Blork the orc
  2900 | D:5      | Reached XP level 6. HP: 33/46 MP: 4/9
  3141 | D:4      | Reached skill level 7 in Hexes
  3331 | D:5      | Found a staircase to the Ecumenical Temple.
  3341 | Temple   | Entered the Ecumenical Temple
  3424 | D:5      | Noticed an ice beast
  3439 | D:5      | HP: 1/47 [ice beast (14)]
  3446 | D:6      | Found a runed translucent door.
  3446 | D:6      | Noticed Askman's ghost (novice DsBr)
  3466 | D:6      | Slain by a bullfrog zombie

Illustrated notes

Levels and vault maps discovered:
D:1:      minmay_arrival_plants_in_alcoves, layout_loops_ring
D:2:      layout_rooms, elyvilon_altar_4
D:3:      layout_loops_cross, uniq_terence
D:4:      layout_basic, first_ration, kennysheep_generic_room_11
D:5:      layout_rooms, overflow_temple_1_default,
          minmay_temple_entry_mini_moons, trog_wizard, uniq_blork_the_orc
D:6:      layout_cave_pools, grunt_temple_overflow_open,
          ebering_ghost_inner_flame, serial_glass, glass_columns_c,
          glass_columns_c, glass_columns_b
Temple:   corrupted_temple

Skill      XL: |  1  2  3  4  5  6 |
---------------+-------------------+-----
Fighting       | 1 2 3 |  3.3
Hexes          | 5 6 7 |  7.3
Stealth        | 5 6 |  6.1
Dodging        | 3 |  3.8
Short Blades   | |  1.1
Spellcasting   | |  2.0

Action                   |  1- 3 |  4- 6 || total
-------------------------+-------+-------++-------
Melee: Dagger            |   100 |   176 ||   276
       Bite              |     7 |    22 ||    29
Throw: Dart              |       |    15 ||    15
 Cast: Corona            |     1 |       ||     1
       Ensorcelled Hiber |     8 |    25 ||    33
       Confusing Touch   |       |    10 ||    10
  Use: Scroll            |     4 |     9 ||    13
       Potion            |       |     1 ||     1
 Stab: Sleeping          |    13 |    23 ||    36
       Confused          |       |     7 ||     7
Armor: Robe              |    16 |    15 ||    31
Dodge: Dodged            |    48 |   103 ||   151

Table legend:
 A = Non-vault XP
 B = Vault XP
 C = Vault XP percentage of total XP
 D = Non-vault monster count
 E = Vault monster count
 F = Vault count percentage of total count
                 A         B        C        D         E       F
            +---------+---------+-------+---------+---------+-------
      Total |     481 |     132 |  21.5 |      75 |       2 |   2.6
            +---------+---------+-------+---------+---------+-------
        D:1 |      29 |       0 |   0.0 |      16 |       0 |   0.0
        D:2 |      60 |       0 |   0.0 |      18 |       0 |   0.0
        D:3 |      99 |      32 |  24.4 |      22 |       1 |   4.3
        D:4 |     253 |       0 |   0.0 |      12 |       0 |   0.0
        D:5 |      37 |     100 |  73.0 |       6 |       1 |  14.3
        D:6 |       3 |       0 |   0.0 |       1 |       0 |   0.0
            +---------+---------+-------+---------+---------+-------
